 Dungeon Crawl Stone Soup version 0.29.1-12-g30fa7ad0bf (webtiles) character file.

Game seed: 2716023286717882154

332 112233 the Digger (level 6, -1/36 HPs)
             Began as an Octopode Earth Elementalist on Dec 17, 2022.
             Slain by a gnoll
             ... wielding a +0 spear
             ... led by a gnoll bouda
              (7 damage)
             ... on level 5 of the Dungeon.
             The game lasted 00:02:31 (4062 turns).

112233 the Digger (Octopode Earth Elementalist)     Turns: 4062, Time: 00:02:32

Health: -1/36      AC:  1    Str: 13    XL:     6   Next: 52%
Magic:  7/9        EV: 13    Int: 20    God:
Gold:   190        SH:  0    Dex: 12    Spells: 3/9 levels left

rFire   . . .      SeeInvis .   (no weapon)
rCold   . . .      Faith    .   (no shield)
rNeg    . . .      Spirit   .   (helmet restricted)
rPois   .          Reflect  .   (no amulet)
rElec   .          Harm     .   c - +6 ring of strength
rCorr   .          Rampage  .   (no ring)
Will    .....                   (no ring)
Stlth   ++........              (no ring)
HPRegen 0.12/turn               (no ring)
MPRegen 0.11/turn               (no ring)
                                (no ring)
                                (no ring)

@: silenced, attractive
A: almost no armour, amphibious, 8 rings, camouflage 1, gelatinous body 1,
(nimble swimmer 1), tentacles
a: no special abilities


You were on level 5 of the Dungeon.
You visited 1 branch of the dungeon, and saw 5 of its levels.

You collected 190 gold pieces.

Inventory:

Missiles
 i - 5 atropa-tipped darts
 n - 6 silver javelins
Jewellery
 c - a +6 ring of strength (left tentacle)
 s - a +6 ring of dexterity
 t - a ring of resist corrosion
Wands
 r - a wand of acid (1)
Scrolls
 h - 2 scrolls of identify {unknown}
 m - a scroll of amnesia {unknown}
 o - a scroll of teleportation {unknown}
 p - a scroll of vulnerability {unknown}
Potions
 a - 2 potions of magic
 d - a potion of ambrosia {unknown}
 e - a potion of mutation {unknown}
 f - 3 potions of degeneration {unknown}
 g - 3 potions of brilliance {unknown}
 j - 2 potions of resistance {unknown}
 k - a potion of heal wounds {unknown}
 q - a potion of curing {unknown}


   Skills:
 - Level 2.0 Dodging
 - Level 2.6 Stealth
 - Level 2.0 Spellcasting
 - Level 1.0 Transmutations
 + Level 7.1 Earth Magic


You had 3 spell levels left.
You knew the following spells:

 Your Spells              Type           Power      Damage    Failure   Level
a - Sandblast             Erth           60%        2d14      1%          1
b - Stone Arrow           Conj/Erth      32%        3d9       11%         3
c - Passwall              Tmut/Erth      15%        N/A       4%          2

Your spell library contained the following spells:

 Spells                   Type           Power      Damage    Failure   Level
 Petrify                  Tmut/Erth      18%        N/A       28%         4


Dungeon Overview and Level Annotations

Branches:
Dungeon (5/15)
 Temple: D:4-7

Altars:
The Shining One

Shops:
D:3 (   D:4 (

Annotations:
D:4 Blork the orc, Robin
D:5 exclusion: upstairs


Innate Abilities, Weirdness & Mutations

You cannot wear most types of armour.
You are amphibious.
You can wear up to eight rings at the same time.
Your skin changes colour to match your surroundings (Stealth+).
Your rubbery body absorbs attacks. (AC +1, EV +1)
((You are camouflaged when in or above water. (Stealth+)))
You have tentacles for arms and can constrict up to eight enemies at once.


Message History

Robin roars a battlecry!
The goblins go into a battle-frenzy!
The hobgoblin closely misses you. The goblin hits you with a +0 dagger.
You climb downwards.
Level annotation: exclusion: upstairs
There is a stone staircase leading up here.
Unknown command.
Unknown command.
Casting: Sandblast (safe; 1% risk of failure)
Confirm with . or Enter, or press ? or * to list all spells.
Aiming: Sandblast (safe; 1% risk of failure)
Press: ? - help, Shift-Dir - straight line, f - goblin
Aim: a goblin, wielding a +0 dagger (strong, 80% to hit)
The blast of sand hits the goblin!!
You kill the goblin!
The hobgoblin closely misses you. The goblin hits you with a +0 club.
Unknown command.
Casting: Sandblast (safe; 1% risk of failure)
Confirm with . or Enter, or press ? or * to list all spells.
Aiming: Sandblast (safe; 1% risk of failure)
Press: ? - help, Shift-Dir - straight line, f - hobgoblin
Aim: a hobgoblin (strong, 84% to hit)
The blast of sand misses the hobgoblin.
The hobgoblin closely misses you. The goblin closely misses you.
The gnoll hits you from afar with a +0 spear.
The hobgoblin hits you!
* * * LOW HITPOINT WARNING * * *
The goblin hits you with a +0 club.
* * * LOW HITPOINT WARNING * * *
As you read the scroll labelled YMOVYPS AFUX, it crumbles to dust.
A profound silence engulfs you.
It was a scroll of silence.
The gnoll hits you from afar with a +0 spear.
* * * LOW HITPOINT WARNING * * *
The hobgoblin misses you. The goblin closely misses you.
Unknown command.
Magic scrolls do not work when you're silenced!
It was a potion of attraction.
You feel attractive to monsters.
The gnoll hits you from afar with a +0 spear!
You die...

##...............
####................
#............##.....
#.........#####.....
#..........^8^......
#####......#####.....
#....................
##..)g....#...#....).†
#....@........#......#
##...g...#..##.......#
#.....g..#####......#
#....#.g..##........#
#.....##..............
##..#.................
#..##.##....<.......#
#.. ## #.##.÷....>.. .
...##........#


You could see a gnoll bouda, a gnoll, a hobgoblin (strong) and a goblin.

Vanquished Creatures
  A necrophage (D:5)
  2 scorpions
  2 gnolls (D:5)
  6 adders
  5 dart slugs
  2 orcs (D:4)
  9 ball pythons
  3 endoplasms
  2 giant cockroaches
  5 goblins
  7 hobgoblins
  8 jackals (D:2)
  6 kobolds
  3 quokkas
  6 bats
  3 frilled lizards
  2 rats
72 creatures vanquished.

Vanquished Creatures (others)
  A plant (D:3)
1 creature vanquished.

Grand Total: 73 creatures vanquished

Notes
Turn   | Place    | Note
-------+----------+-------------------------------------------
     0 | D:1      | 112233 the Octopode Earth Elementalist began the quest for
                  | the Orb.
     0 | D:1      | Reached XP level 1. HP: 11/11 MP: 3/3
     6 | D:1      | Noticed a killer bee
     6 | D:1      | Noticed a water moccasin
     7 | D:1      | Noticed a wolf
     7 | D:1      | Noticed a polar bear
   122 | D:1      | Found a faded altar of an unknown god.
   139 | D:1      | Reached XP level 2. HP: 17/17 MP: 3/5
   455 | D:1      | Reached skill level 4 in Earth Magic
   553 | D:1      | Reached XP level 3. HP: 21/21 MP: 4/6
  1654 | D:2      | Reached XP level 4. HP: 20/27 MP: 3/7
  1813 | D:2      | Reached skill level 5 in Earth Magic
  2677 | D:3      | Found Nuruaca's Antique Weapon Shoppe.
  2912 | D:3      | Found a glowing golden altar of the Shining One.
  3103 | D:3      | Reached XP level 5. HP: 31/31 MP: 4/8
  3237 | D:3      | Reached skill level 6 in Earth Magic
  3377 | D:3      | Learned a level 3 spell: Stone Arrow
  3380 | D:3      | Learned a level 2 spell: Passwall
  3553 | D:4      | Found Rivaidaf's Antique Weapon Boutique.
  3562 | D:4      | Identified the -1 pair of gloves of Valiance {-Cast Str+6}
  3658 | D:4      | Noticed Blork the orc
  3674 | D:5      | Entered Level 5 of the Dungeon
  3679 | D:5      | Reached XP level 6. HP: 26/36 MP: 0/9
  3904 | D:5      | Reached skill level 7 in Earth Magic
  4056 | D:4      | Noticed Robin
  4062 | D:5      | Slain by a gnoll

Illustrated notes

Levels and vault maps discovered:
D:1:      onia_arrival_zoo_common, layout_loops_cross,
          hellmonk_ecumenical_altar_run_dry, kennysheep_doodads,
          serial_bayou_lagoon_b
D:2:      minmay_inner_zag, layout_basic
D:3:      layout_loops_corners, tso_oasis_becter, serial_shops,
          nicolae_shop_crystal, kennysheep_generic_room_8
D:4:      minmay_wonky_spiral, layout_basic, mainiacjoe_overflow_divided_tiny,
          serial_glass, glass_columns_a, glass_columns_a, serial_shops, shop,
          uniq_robin, uniq_blork_the_orc
D:5:      layout_cave_pools, amcnicky_mini_pool_small, grunt_decor_fettered,
          roderic_batcave, ebering_dispersal_statue_hall

Skill      XL: |  1  2  3  4  5  6 |
---------------+-------------------+-----
Earth Magic    | 4 5 6 7 |  7.1
Dodging        | |  2.0
Stealth        | |  2.6
Spellcasting   | |  2.0
Transmutations | |  1.0

Action                   |  1- 3 |  4- 6 || total
-------------------------+-------+-------++-------
Melee: Unarmed           |     3 |     3 ||     6
       Constrict         |       |     2 ||     2
       Tentacles         |       |     1 ||     1
 Cast: Sandblast         |    48 |    46 ||    94
Evoke: Wand              |       |     3 ||     3
  Use: Scroll            |       |     1 ||     1
       Potion            |       |     1 ||     1
 Stab: Sleeping          |     1 |     1 ||     2
Armor: Skin              |     2 |     3 ||     5
Dodge: Dodged            |    25 |    26 ||    51
